 Dungeon Crawl Stone Soup version 0.17.0-28-g6e173f8 (webtiles) character file.

394 R18 the Shooter (level 6, 0/44 HPs)
             Began as a Demonspawn Hunter on Nov 30, 2015.
             Succumbed to an adder's poison
             ... on level 5 of the Dungeon.
             The game lasted 00:09:53 (2647 turns).

R18 the Shooter (Demonspawn Hunter)                 Turns: 2647, Time: 00:09:53

Health: 0/44       AC:  8    Str: 12    XL:     6   Next: 51%
Magic:  7/7        EV: 12    Int: 15    God:
Gold:   101        SH:  0    Dex: 12    Spells: 2 memorised, 4 levels left

rFire  . . .     SeeInvis .     a - +2 scythe (slice)
rCold  . . .     Clarity  .     c - +0 leather armour
rNeg   . . .     SustAt   .     (shield currently unavailable)
rPois  .         Gourm    .     o - +0 helmet
rElec  .         Spirit   .     (no cloak)
rCorr  .         Warding  .     (no gloves)
rMut   .         Stasis   .     (no boots)
MR     .....                    (no amulet)
Stlth  +++.......               (no ring)
                                (no ring)

@: lethally poisoned (0 -> -2), not resistant to hostile enchantments, fairly
stealthy
A: rough black scales 1, nightstalker 2
a: no special abilities


You were on level 5 of the Dungeon.
You were very hungry.

You visited 1 branch of the dungeon, and saw 5 of its levels.

You collected 101 gold pieces.

Inventory:

Hand Weapons
 a - a +2 scythe of slicing (weapon)
 b - a +1 shortbow
 f - a +0 short sword
 i - a +2 spear of flaming
Missiles
 d - 20 arrows
Armour
 c - a +0 leather armour (worn)
 l - a +0 helmet
 o - a +0 helmet (worn)
Jewellery
 s - an uncursed amulet of rage
 t - an uncursed amulet of resist mutation {unknown}
 y - an uncursed ring of invisibility
Scrolls
 g - a scroll of magic mapping
 m - 2 scrolls of identify
 n - a scroll of random uselessness
Potions
 h - 4 potions of flight
 r - a potion of cure mutation
Books
 u - a book of Conjurations

   Spells                             Type                      Level
   a - Magic Dart                     Conjuration                  1
   b - Searing Ray                    Conjuration                  2
   c - Dazzling Spray                 Conjuration/Hexes            3
   d - Fulminant Prism                Conjuration/Hexes            4
   e - Iskenderun's Mystic Blast      Conjuration                  4
   f - Iskenderun's Battlesphere      Conjuration/Charms           5
Comestibles
 e - 5 bread rations
 p - 2 meat rations
 w - a royal jelly


   Skills:
 - Level 2.0 Fighting
 * Level 3.8 Polearms
 - Level 3.9 Bows
 + Level 3.2 Dodging
 - Level 0.8 Stealth
 - Level 1.0 Spellcasting
 + Level 3.1 Conjurations


You had 4 spell levels left.
You knew the following spells:

 Your Spells              Type           Power        Failure   Level  Hunger
a - Magic Dart            Conj           ##..         12%         1    ##.....
b - Searing Ray           Conj           ##....       17%         2    ###....


Dungeon Overview and Level Annotations

Branches:
Dungeon (5/15)
 Temple: D:4-7

Altars:
Nemelex Xobeh
Qazlal

Annotations:
D:4 Ivanskos's ghost, novice DDFi


Innate Abilities, Weirdness & Mutations

You are partially covered in rough black scales (AC +4, Dex -1).
You are significantly more attuned to the shadows.


Message History

You feel sick.
Found a potion of curing.
There is a stone staircase leading up here.
Unknown command.
You are too injured to fight recklessly!
You closely miss the adder.
You feel sick. The adder closely misses you. The adder barely misses you.
The adder bites you.
* * * LOW HITPOINT WARNING * * *
Unknown command.
Attack whom?
Press: ? - help, Dir - move target cursor, f - adder
Aim: an adder You slash the adder!
You kill the adder!
You are feeling very hungry.
Drink which item? (? for menu, Esc to quit)
Okay, then.
There is a lethal amount of poison in your body!
There is a lethal amount of poison in your body!
You die...

###
###..##
......#
.....@#
..!.†.#
......#
..##.##
. ##


There were no monsters in sight!

Vanquished Creatures
  Sigmund (D:3)
  A wyvern skeleton (D:3)
  A hound (D:4)
  Robin (D:2)
  4 adders
  4 gnolls (D:2)
  An ooze (D:1)
  A worm (D:2)
  3 giant geckos
  8 bats
  8 hobgoblins
  6 jackals (D:2)
  7 kobolds
  2 giant cockroaches
  3 giant newts (D:1)
  14 goblins
  4 rats (D:3)
69 creatures vanquished.

Vanquished Creatures (others)
  A giant cockroach (D:2)
  A giant newt (D:2)
2 creatures vanquished.

Grand Total: 71 creatures vanquished

Notes
Turn   | Place    | Note
--------------------------------------------------------------
     0 | D:1      | R18 the Demonspawn Hunter began the quest for the Orb.
     0 | D:1      | Reached XP level 1. HP: 16/16 MP: 1/1
   173 | D:1      | Gained mutation: You are slightly more attuned to the shadows. [demonic ancestry]
   173 | D:1      | Reached XP level 2. HP: 22/22 MP: 2/2
   250 | D:1      | Reached skill level 1 in Polearms
   664 | D:2      | Learned a level 1 spell: Magic Dart
   689 | D:2      | Gained mutation: You are significantly more attuned to the shadows. [demonic ancestry]
   689 | D:2      | Reached XP level 3. HP: 20/27 MP: 3/3
   979 | D:2      | Found a sparkling altar of Nemelex Xobeh.
  1191 | D:2      | Gained mutation: You are partially covered in rough black scales (AC +4, Dex -1). [demonic ancestry]
  1191 | D:2      | Reached XP level 4. HP: 11/33 MP: 5/5
  1500 | D:2      | Reached skill level 1 in Spellcasting
  1546 | D:2      | Learned a level 2 spell: Searing Ray
  1586 | D:3      | Noticed Robin
  1602 | D:2      | Killed Robin
  1652 | D:3      | Reached skill level 1 in Conjurations
  2020 | D:3      | Noticed Sigmund
  2029 | D:3      | Reached XP level 5. HP: 16/38 MP: 6/6
  2031 | D:3      | Gained mutation: You are robust (+10% HP). [potion of beneficial mutation]
  2032 | D:3      | Gained mutation: Your flesh is heat resistant. [potion of mutation]
  2032 | D:3      | Gained mutation: You are agile. (Dex +2) [potion of mutation]
  2032 | D:3      | Gained mutation: You can spit weak poison. [potion of mutation]
  2043 | D:3      | Killed Sigmund
  2043 | D:3      | Reached XP level 6. HP: 33/48 MP: 7/7
  2330 | D:3      | Found a sparkling altar of Nemelex Xobeh.
  2432 | D:4      | Noticed a fire elemental
  2433 | D:4      | Found a stormy altar of Qazlal.
  2434 | D:4      | Noticed a water elemental
  2436 | D:4      | Noticed an air elemental
  2571 | D:4      | Noticed Ivanskos's ghost (novice DDFi)
  2586 | D:4      | Lost mutation: You are robust (+10% HP). [potion of cure mutation]
  2586 | D:4      | Lost mutation: You can spit weak poison. [potion of cure mutation]
  2586 | D:4      | Lost mutation: You are agile. (Dex +2) [potion of cure mutation]
  2586 | D:4      | Lost mutation: Your flesh is heat resistant. [potion of cure mutation]
  2644 | D:5      | Entered Level 5 of the Dungeon
  2645 | D:5      | HP: 1/44 [adder (3)]
  2647 | D:5      | Succumbed to an adder's poison

Action                   |  1- 3 |  4- 6 || total
-------------------------+-------+-------++-------
Melee: Spear             |    99 |   113 ||   212
       Scythe            |       |    35 ||    35
 Fire: Shortbow          |     2 |       ||     2
 Cast: Magic Dart        |       |     1 ||     1
       Searing Ray       |       |     1 ||     1
  Use: Scroll            |     4 |     6 ||    10
       Potion            |       |    12 ||    12
 Stab: Sleeping          |     4 |     2 ||     6
       Distracted        |       |     1 ||     1
  Eat: Chunk             |       |     5 ||     5
